 Dungeon Crawl Stone Soup version 0.18.1-48-g4cf74bf (webtiles) character file.

176 Heedrag the Magician (level 5, -3/28 HPs)
             Began as a Deep Elf Conjurer on July 25, 2016.
             Killed from afar by an orc wizard (15 damage)
             ... with a puff of flame
             ... on level 3 of the Dungeon.
             The game lasted 00:06:07 (2415 turns).

Heedrag the Magician (Deep Elf Conjurer)            Turns: 2415, Time: 00:06:08

Health: -3/28      AC:  3    Str:  6    XL:     5   Next: 30%
Magic:  9/17       EV: 13    Int: 20    God:
Gold:   112        SH:  0    Dex: 15    Spells: 3 memorised, 11 levels left

rFire  . . .     SeeInvis .     d - -2 dagger (curse)
rCold  . . .     Gourm    .     a - +0 robe
rNeg   . . .     Faith    .     (no shield)
rPois  .         Spirit   .     p - +0 helmet
rElec  .         Dismiss  .     (no cloak)
rCorr  .         Reflect  .     (no gloves)
SustAt .         Harm     .     (no boots)
MR     .....                    (no amulet)
Stlth  ++........               (no ring)
                                (no ring)

@: lethally poisoned (-3 -> -6), very slightly contaminated, not resistant to
hostile enchantments, unstealthy
A: no striking features
a: no special abilities


You were on level 3 of the Dungeon.
You were not hungry.

You visited 1 branch of the dungeon, and saw 3 of its levels.

You collected 112 gold pieces.

Inventory:

Hand Weapons
 d - a cursed -2 dagger (weapon)
 e - a cursed +0 spear
 s - a cursed +0 long sword
Armour
 a - a +0 robe (worn)
 p - a +0 helmet (worn)
Scrolls
 g - a scroll of identify {unknown}
 h - 3 scrolls of teleportation {unknown}
 i - 2 scrolls of remove curse {unknown}
 k - a scroll of enchant weapon {unknown}
 q - a scroll of fear {unknown}
 r - a scroll of random uselessness {unknown}
Potions
 j - 2 potions of berserk rage {unknown}
 l - a potion of curing {unknown}
 m - a potion of resistance {unknown}
 n - 2 potions of heal wounds {unknown}
Books
 b - a book of Conjurations

   Spells                             Type                      Level
   a - Magic Dart                     Conjuration                  1
   b - Searing Ray                    Conjuration                  2
   c - Dazzling Spray                 Conjuration/Hexes            3
   d - Fulminant Prism                Conjuration/Hexes            4
   e - Iskenderun's Mystic Blast      Conjuration                  4
   f - Iskenderun's Battlesphere      Conjuration/Charms           5
Comestibles
 c - 4 bread rations
 o - 2 beef jerkies


   Skills:
 - Level 2.4 Dodging
 - Level 2.4 Stealth
 * Level 7.5 Spellcasting
 - Level 4.3 Conjurations


You had 11 spell levels left.
You knew the following spells:

 Your Spells              Type           Power        Failure   Level  Hunger
a - Magic Dart            Conj           ####         1%          1    None
b - Dazzling Spray        Conj/Hex       ###...       12%         3    None
c - Iskenderun's Mystic   Conj           ####....     17%         4    ###....


Dungeon Overview and Level Annotations

Branches:
Dungeon (3/15)

Altars:


Message History

Tha magic dart hits ye!
Castin': Magic Dart Confirm wit' . or Enter, or press ? or * ta list all spells.
Aimin': Magic Dart
Press: ? - help, Shift-Dir - straight line, f/p - orc wizard
Aim: an orc wizard, wieldin' a dagger an' wearin' a robe Tha magic dart hits tha orc wizard.
Tha orc wizard be lightly wounded.
Castin': Magic Dart Confirm wit' . or Enter, or press ? or * ta list all spells.
Aimin': Magic Dart
Press: ? - help, Shift-Dir - straight line, f/p - orc wizard
Aim: an orc wizard, wieldin' a dagger an' wearin' a robe (lightly wounded) Tha magic dart hits tha orc wizard.
Tha orc wizard be lightly wounded.
Ye feel sick.
Tha orc wizard casts a spell at ye.
Tha puff o' flame hits ye!
Ouch! Tha re'lly hurt!
Ye die...

#.......# .... #### .....
+.......+ ... .... ..[..
#.......# #.. #... .....#
#.......# #.# #... .....
#.......# #.# #...
#...##.......####.# #####...
###.................###..)..##
..........o.†......)..'.....'.
#...#.#.#.#@....#####.....##
### #o..).####...# #.....##
#?.<### ##..# #.....## #$S.#
...# #.....## ...#..# #.##
#.....## .....#..# ..#
######## .......... ### #
....w.....# # .....).)..#### #


You could see an orc wizard.

Vanquished Creatures
  A howler monkey (D:2)
  An orc wizard (D:3)
  Robin (D:2)
  2 adders
  A worm (D:2)
  A giant gecko (D:1)
  3 orcs (D:3)
  4 ball pythons
  11 bats
  3 giant cockroaches (D:1)
  17 goblins
  6 hobgoblins
  3 jackals (D:2)
  7 kobolds
  3 giant newts
  4 rats
68 creatures vanquished.

Notes
Turn   | Place    | Note
--------------------------------------------------------------
     0 | D:1      | Heedrag the Deep Elf Conjurer began the quest for the Orb.
     0 | D:1      | Reached XP level 1. HP: 10/10 MP: 6/6
   130 | D:1      | Reached skill level 4 in Spellcasting
   130 | D:1      | Reached XP level 2. HP: 15/15 MP: 7/9
   907 | D:1      | Reached XP level 3. HP: 19/19 MP: 9/11
  1078 | D:2      | Learned a level 3 spell: Dazzling Spray
  1104 | D:2      | Reached skill level 5 in Spellcasting
  1457 | D:2      | Noticed Robin
  1572 | D:2      | Killed Robin
  1572 | D:2      | Reached skill level 6 in Spellcasting
  1572 | D:2      | Reached XP level 4. HP: 24/24 MP: 2/14
  2023 | D:3      | Learned a level 4 spell: Iskenderun's Mystic Blast
  2291 | D:2      | Reached skill level 7 in Spellcasting
  2291 | D:2      | Reached XP level 5. HP: 18/28 MP: 0/16
  2415 | D:3      | Killed from afar by an orc wizard

Skill      XL: |  1  2  3  4 |
---------------+-------------+-----
Spellcasting   | 4 6 7 |  7.5
Dodging        | |  2.4
Stealth        | |  2.4
Conjurations   | |  4.3

Action                   |  1- 3 |  4- 6 || total
-------------------------+-------+-------++-------
Melee: Dagger            |     3 |     5 ||     8
 Cast: Magic Dart        |    90 |    58 ||   148
       Dazzling Spray    |       |     3 ||     3
  Eat: Chunk             |     2 |     2 ||     4
Armor: Robe              |       |    10 ||    10
Dodge: Dodged            |     7 |    17 ||    24
